 Dungeon Crawl Stone Soup version 0.29-a0-369-gd956c00756 (webtiles) character file.

Game seed: 8875038859564769875

23 YayAnonymity the Ruffian (level 2, -3/28 HPs)
             Began as a Troll Gladiator on May 2, 2022.
             Killed by nerve-wracking pain
             ... invoked by Jessica
              (11 damage)
             ... on level 2 of the Dungeon.
             The game lasted 00:01:17 (833 turns).

YayAnonymity the Ruffian (Troll Gladiator)           Turns: 833, Time: 00:01:17

Health: -3/28      AC:  4    Str: 21    XL:     2   Next: 72%
Magic:  1/1        EV: 10    Int:  4    God:
Gold:   7          SH:  0    Dex: 11    Spells: 1/1 levels left

rFire   . . .      SeeInvis .     - Unarmed
rCold   . . .      Faith    .   (no shield)
rNeg    . . .      Spirit   .   a - +0 robe
rPois   +          Reflect  .   b - +0 hat
rElec   .          Harm     .   (no cloak)
rCorr   .          Rampage  .   (gloves unavailable)
Will    .....                   (boots unavailable)
Stlth   +.........              (no amulet)
HPRegen 0.89/turn               h - ring of poison resistance
MPRegen 0.07/turn               (no ring)

@: slowed, very slow
A: large, unfitting armour, claws 3, regeneration 1, shaggy fur 1, tough skin 1
a: no special abilities


You were on level 2 of the Dungeon.
You visited 1 branch of the dungeon, and saw 2 of its levels.

You collected 7 gold pieces.

Inventory:

Missiles
 c - 3 throwing nets (quivered)
 d - a large rock
Armour
 a - a +0 robe (worn)
 b - a +0 hat (worn)
Jewellery
 h - a ring of poison resistance (left claw)
 j - a ring of protection from fire
Scrolls
 e - a scroll of enchant armour {unknown}
 f - a scroll of noise {unknown}
 g - 3 scrolls of identify {unknown}
Potions
 i - a potion of curing {unknown}
 k - a potion of mutation {unknown}
 l - a potion of invisibility {unknown}


   Skills:
 + Level 1.9 Fighting
 - Level 1.7 Throwing
 + Level 2.6 Dodging
 * Level 3.5 Unarmed Combat


You had one spell level left.
You didn't know any spells.
Your spell library was empty.

Dungeon Overview and Level Annotations

Branches:
Dungeon (2/15)

Altars:

Annotations:
D:2 Jessica, Robin


Innate Abilities, Weirdness & Mutations

You are too large for most types of armour.
You have claws for hands.
Your natural rate of healing is unusually fast.
You are covered in fur. (AC +1)
You have tough skin. (AC +1)


Message History

Jessica hits you with a +0 dagger. The goblin barely misses you.
The goblin attacks as you move away! The goblin closely misses you.
Robin throws the goblin at you! The hobgoblin barely misses you.
Jessica mumbles some strange words.
Jessica blinks!
The hobgoblin attacks as you move away! The hobgoblin barely misses you.
Jessica barely misses you. Jessica attacks as you move away!
Jessica barely misses you. Jessica attacks as you move away!
Jessica hits you with a +0 dagger.
The goblin no longer looks unusually strong.
Jessica mumbles something strange.
Jessica casts a spell.
Jessica seems to speed up.
Jessica casts a spell at you.
You barely resist. Jessica attacks as you move away!
Jessica hits you with a +0 dagger.
Jessica gestures wildly.
The hobgoblin no longer looks unusually strong.
Jessica barely misses you. Jessica attacks as you move away!
Jessica closely misses you. Jessica closely misses you.
Jessica casts a spell.
Jessica blinks!
Jessica casts a spell at you.
You feel yourself slow down. Jessica gestures at you while chanting.
Pain shoots through your body! Jessica gestures at you while chanting.
Pain shoots through your body! Jessica hits you with a +0 dagger.
Jessica casts a spell.
Jessica blinks!
Jessica hits you with a +0 dagger. x2
* * * LOW HITPOINT WARNING * * *
Jessica attacks as you move away! Jessica hits you with a +0 dagger.
* * * LOW HITPOINT WARNING * * *
Jessica hits you but does no damage.
You barely miss Jessica. Jessica gestures at you while chanting.
Pain shoots through your body!
You die...

.## ..# #.# ####### #>#
#.....# #.# . #.....# #.#
.#. #.....###.## ... #....
#..@.#
...#####†.####.#@.##
..........#.g..##..##
###..#...##.#####...####
#......g.g..# ##.......##
..#..#.########.........##
.....†.# #...........#
###.g.## #...........#
#..[# #...........# ##.@>#
##.........##


You could see Jessica (fast).

Vanquished Creatures
  3 bats (D:1)
  2 giant cockroaches (D:1)
  3 hobgoblins
  2 quokkas
  A ball python (D:2)
  3 goblins (D:1)
  2 kobolds (D:1)
  5 rats
21 creatures vanquished.

Notes
Turn   | Place    | Note
-------+----------+-------------------------------------------
     0 | D:1      | YayAnonymity the Troll Gladiator began the quest for the
                  | Orb.
     0 | D:1      | Reached XP level 1. HP: 19/19 MP: 0/0
   140 | D:1      | Found a faded altar of an unknown god.
   208 | D:1      | Reached XP level 2. HP: 28/28 MP: 1/1
   793 | D:2      | Noticed Jessica
   794 | D:2      | Noticed Robin
   833 | D:2      | Killed from afar by Jessica

Illustrated notes

Levels and vault maps discovered:
D:1:      psy_arrival_radial02, layout_loops_ring, ebering_ecumenical_altar_mist
D:2:      minmay_spotlight, layout_rooms, uniq_robin, uniq_sigmund, uniq_jessica

Action                   || total
-------------------------++-------
Melee: Unarmed           ||    59
       Punch             ||     3
Armor: Robe              ||    27
Dodge: Dodged            ||    41

Table legend: (Time is in decaauts)
 A = Elapsed time spent in this place.
 B = Non-inter-level travel time spent in this place.
 C = Inter-level travel time spent in this place.
 D = Time resting spent in this place.
 E = Time spent auto-exploring this place.
 F = Levels seen in this place.
 G = Mean time per level.
                   A        B        C        D        E       F      G
               +--------+--------+--------+--------+--------+-----+--------+
         Total |    832 |    799 |     33 |      0 |    629 |   2 |  416.0 |
       Dungeon |    832 |    799 |     33 |      0 |    629 |   2 |  416.0 |
               +--------+--------+--------+--------+--------+-----+--------+

Top non-repeatable levels by time:
     D:1: 726 daAuts
     D:2: 106 daAuts
